 Dungeon Crawl Stone Soup version 0.23.1 (webtiles) character file.

Game seed: 16397819084903242107

220 Borgoz the Shield-Bearer (level 5, -4/49 HPs)
             Began as a Gargoyle Fighter on Mar 9, 2019.
             Killed by divine providence
             ... invoked by an orc priest
              (13 damage)
             ... on level 4 of the Dungeon.
             The game lasted 00:03:11 (2733 turns).

Borgoz the Shield-Bearer (Gargoyle Fighter)         Turns: 2733, Time: 00:03:12

Health: -4/49      AC: 16    Str: 24    XL:     5   Next: 97%
Magic:  5/5        EV:  8    Int:  9    God:
Gold:   191        SH: 10    Dex: 10    Spells: 4/4 levels left

rFire    . . .     SeeInvis .   a - +0 flail
rCold    . . .     Gourm    .   c - +0 shield
rNeg     + . .     Faith    .   b - +0 scale mail
rPois    ∞         Spirit   .   (no helmet)
rElec    +         Reflect  .   n - +2 cloak
rCorr    .         Harm     .   (no gloves)
MR       .....                  (no boots)
Stlth    ..........             (no amulet)
HPRegen  0.16/turn              h - +2 ring of protection
MPRegen  0.09/turn              (no ring)

@: mighty, berserking (expiring), very quick
A: negative energy resistance 1, electricity resistance, unbreathing,
petrification resistance, rot immunity, AC +4
a: no special abilities


You were on level 4 of the Dungeon.
You were hungry.

You visited 1 branch of the dungeon, and saw 4 of its levels.

You collected 191 gold pieces.

Inventory:

Hand Weapons
 a - a +0 flail (weapon)
Missiles
 o - 2 throwing nets (quivered)
Armour
 b - a +0 scale mail (worn)
 c - a +0 shield (worn)
 n - a +2 cloak (worn)
Jewellery
 h - a +2 ring of protection (left hand)
Scrolls
 e - 3 scrolls of remove curse {unknown}
 i - 4 scrolls of identify {unknown}
 k - 2 scrolls of teleportation {unknown}
 m - a scroll of fear {unknown}
Potions
 j - a potion of curing {unknown}
 l - a potion of flight {unknown}
 q - a potion of invisibility {unknown}
Comestibles
 f - 5 rations
 p - 2 chunks of flesh


   Skills:
 + Level 4.0 Fighting
 + Level 3.7 Maces & Flails
 + Level 3.9 Armour
 + Level 0.9 Dodging
 + Level 4.8 Shields


You had 4 spell levels left.
You didn't know any spells.
Your spell library was empty.

Dungeon Overview and Level Annotations

Branches:
Dungeon (4/15)
 Temple: D:4-7

Altars:
Elyvilon
Hepliaklqana
Trog
Wu Jian


Innate Abilities, Weirdness & Mutations

You are resistant to torment.
Your stone body is resilient. (AC +4)
You are immune to poison.
You resist negative energy. (rN+)
You are resistant to electric shocks. (rElec)
You can survive without breathing.
You are immune to petrification.
You are immune to rotting.


Message History

You block the jackal's attack.
You bludgeon the jackal!!
You kill the jackal!
You closely miss the worker ant. You block the worker ant's attack.
Your scale mail prevents you from hitting the worker ant.
You block the worker ant's attack.
The orc priest looks encouraged for a moment.
You bludgeon the worker ant!!
You kill the worker ant!
You are feeling hungry.
The jackal bites you but does no damage.
You miss the jackal. You block the jackal's attack.
The orc priest invokes the aid of Beogh against you.
Beogh smites you!
* * * LOW HITPOINT WARNING * * *
You hit the jackal.
You kill the jackal!
The orc priest invokes the aid of Beogh against you.
Beogh smites you!
You die...

##... . ...# .. ...# ...
..# ##. #... .^. .... ..
#....##.##......
..##.###......###...
#....... #@# .....
......###h####.....
#..#...l.O........
#....o.........).
###..)...!.......
#..............
.#########..............
....oo..)..........#.##.
##.....##...$..<>.#..


You could see an ogre, an orc priest, a jackal and a frilled lizard.

Vanquished Creatures
  2 orc wizards (D:3)
  A worker ant (D:4)
  3 gnolls (D:3)
  An adder (D:3)
  2 oozes
  2 dart slugs
  5 leopard geckos
  8 orcs
  A ball python (D:1)
  3 bats (D:2)
  6 giant cockroaches
  11 goblins
  6 hobgoblins
  2 jackals (D:4)
  5 frilled lizards
  5 kobolds
  10 rats
73 creatures vanquished.

Notes
Turn   | Place    | Note
-------+----------+-------------------------------------------
     0 | D:1      | Borgoz the Gargoyle Fighter began the quest for the Orb.
     0 | D:1      | Reached XP level 1. HP: 14/14 MP: 1/1
    66 | D:1      | Reached XP level 2. HP: 17/19 MP: 2/2
   429 | D:1      | Reached XP level 3. HP: 24/24 MP: 3/3
   901 | D:2      | Found a white marble altar of Elyvilon.
  1514 | D:2      | Reached XP level 4. HP: 27/29 MP: 4/4
  1694 | D:2      | Found a hazy altar of Hepliaklqana.
  1694 | D:2      | Found an ornate altar of the Wu Jian Council.
  2112 | D:3      | Reached XP level 5. HP: 7/33 MP: 5/5
  2372 | D:3      | Found a bloodstained altar of Trog.
  2696 | D:4      | Noticed an ogre
  2733 | D:4      | Killed from afar by an orc priest

Skill      XL: |  1  2  3  4  5 |
---------------+----------------+-----
Shields        | 4 |  4.8
Maces & Flails | 3 |  3.7
Fighting       | 4 |  4.0
Armour         | |  3.9
Dodging        | |  0.9

Action                   |  1- 3 |  4- 6 || total
-------------------------+-------+-------++-------
Melee: Flail             |   168 |   115 ||   283
  Use: Potion            |       |     3 ||     3
  Eat: Chunk             |     2 |     4 ||     6
Armor: Scale mail        |    92 |    73 ||   165
Dodge: Dodged            |    65 |    44 ||   109
Block: Shield            |    91 |    92 ||   183
